 Dungeon Crawl Stone Soup version 0.29-a0-973-gac7da5f7f0 (webtiles) character file.

Game seed: 1460903029535752828

154 concernfroge the Trooper (level 5, -3/46 HPs)
             Began as a Mummy Monk on July 31, 2022.
             Killed by divine providence
             ... invoked by an orc priest
              (13 damage)
             ... on level 4 of the Dungeon.
             The game lasted 00:05:10 (3150 turns).

concernfroge the Trooper (Mummy Monk)               Turns: 3150, Time: 00:05:11

Health: -3/46      AC: 13    Str: 22    XL:     5   Next: 13%
Magic:  5/5        EV:  6    Int: 10    God:
Gold:   309        SH:  0    Dex: 14    Spells: 4/4 levels left

rFire   x . .      SeeInvis +   n - +0 glaive
rCold   + . .      Faith    .   (shield currently unavailable)
rNeg    + + +      Spirit   .   h - +0 plate armour
rPois   ∞          Reflect  .   m - +0 helmet
rElec   .          Harm     .   e - +0 cloak
rCorr   +          Rampage  .   p - +0 pair of gloves
Will    .....                   (no boots)
Stlth   ..........              (no amulet)
HPRegen 0.15/turn               l - ring "Xuhen" {rCorr Str+6 SInv}
MPRegen 0.09/turn               (no ring)

@: no status effects
A: cold resistance 1, negative energy resistance 3, torment resistance 2, heat
vulnerability 1, in touch with death 1, no potions
a: no special abilities


You were on level 4 of the Dungeon.
You visited 1 branch of the dungeon, and saw 4 of its levels.

You collected 309 gold pieces.

Inventory:

Hand Weapons
 n - a +0 glaive (weapon)
 o - a +0 trident
Armour
 e - a +0 cloak (worn)
 h - a +0 plate armour (worn)
 m - a +0 helmet (worn)
 p - a +0 pair of gloves (worn)
Jewellery
 l - the ring "Xuhen" (left hand) {rCorr Str+6 SInv}
   (You found it on level 2 of the Dungeon)

   [ring of strength]

   Str:       It affects your strength (+6).
   SInv:      It lets you see invisible.
   rCorr:     It protects you from acid and corrosion.
Wands
 a - a wand of mindburst (4)
 r - a wand of digging (6)
Scrolls
 b - 2 scrolls of fear {unknown}
 c - 2 scrolls of enchant armour {unknown}
 d - 3 scrolls of identify
 f - 2 scrolls of teleportation {unknown}
 g - a scroll of blinking
 i - a scroll of magic mapping {unknown}
 j - a scroll of vulnerability {unknown}
 k - a scroll of summoning {unknown}
 q - a scroll of butterflies {unknown}


   Skills:
 + Level 5.9 Fighting
 - Level 2.4 Polearms
 - Level 2.4 Dodging
 - Level 1.5 Stealth


You had 4 spell levels left.
You didn't know any spells.
Your spell library contained the following spells:

 Spells                   Type           Power      Damage    Failure   Level
 Conjure Flame            Conj/Fire      0%         6-21      100%        3
 Ignite Poison            Fire/Tmut/Pois 0%         N/A       100%        3
 Sticky Flame             Conj/Fire      0%         2d3       100%        4
 Fireball                 Conj/Fire      0%         3d3       100%        5
 Starburst                Conj/Fire      0%         6d3       100%        6
 Ignition                 Fire           0%         3d3       100%        8
 Chain Lightning          Conj/Air       0%         N/A       100%        9
 Fire Storm               Conj/Fire      0%         5d1       100%        9
 Shatter                  Erth           0%         3d5*      100%        9


Dungeon Overview and Level Annotations

Branches:
Dungeon (4/15)
 Temple: D:4-7

Altars:
Gozag
Kikubaaqudgha


Innate Abilities, Weirdness & Mutations

You are immune to poison.
Your flesh is cold resistant. (rC+)
You are immune to negative energy. (rN+++)
You are immune to unholy pain and torment.
You are vulnerable to heat. (rF-)
You are in touch with the powers of death.
You do not drink.


Message History

You closely miss the kobold.
The kobold hits you but does no damage. x2
You slash the kobold!
You kill the kobold!
An orc priest is nearby!
An orc priest is nearby!
You see here a scroll labelled TEAG YBBACLYR.
Found a mace.
HP restored.
r - a wand of digging (6)
You see here a scroll labelled TEAG YBBACLYR.
There is an open door here.
You slash the orc priest!
The orc priest is severely wounded.
The orc priest hits you but does no damage. x2
You barely miss the orc priest.
The orc priest is severely wounded.
The orc priest barely misses you.
The orc priest hits you but does no damage.
You closely miss the orc priest.
The orc priest is severely wounded.
The orc priest hits you but does no damage.
You completely miss the orc priest.
The orc priest is severely wounded.
The orc priest barely misses you.
The orc priest mumbles some strange prayers to Beogh against you.
Beogh smites you!
You closely miss the orc priest.
The orc priest is severely wounded.
The orc priest hits you with a +0 club.
You hit the orc priest.
The orc priest is almost dead.
The orc priest calls down the wrath of Beogh upon you.
Beogh smites you!
* * * LOW HITPOINT WARNING * * *
The orc priest completely misses you.
You hit the orc priest but do no damage.
The orc priest is almost dead.
The orc priest invokes the aid of Beogh against you.
Beogh smites you!
You die...

#.#.?..# ##....## #.
##.#...## #..#### #.
..#)...#####..#
#.....[.........#
...##...>....(..#####
.###................#
.o..........#######.#
###.##......#.....#.#######
#.. ##.##..#..o@.#..#.....
... #.##..#.._..'....#### .
#.##..#.....#........
###.#...#.....#........
##.....#.#######.######.
####...####.........#
.....#.## ###..##)..#
#.......# ##.....###
#.......####..#####


You could see an orc priest.

Vanquished Creatures
  A howler monkey (D:4)
  An orc wizard (D:4)
  3 adders
  A worm (D:3)
  2 dart slugs (D:1)
  6 orcs
  2 endoplasms
  2 giant cockroaches (D:1)
  7 goblins
  3 hobgoblins
  3 jackals (D:2)
  A quokka (D:2)
  5 ball pythons
  5 bats
  A frilled lizard (D:2)
  5 kobolds
  4 rats
  A spectral hobgoblin (D:2)
53 creatures vanquished.

Notes
Turn   | Place    | Note
-------+----------+-------------------------------------------
     0 | D:1      | concernfroge the Mummy Monk began the quest for the Orb.
     0 | D:1      | Reached XP level 1. HP: 18/18 MP: 1/1
   136 | D:1      | Reached XP level 2. HP: 14/24 MP: 2/2
   773 | D:2      | Reached skill level 4 in Fighting
  1007 | D:2      | Found a faded altar of an unknown god.
  1142 | D:2      | Gained mutation: You are in touch with the powers of death.
                  | [Mummy growth]
  1142 | D:2      | Reached XP level 3. HP: 30/30 MP: 3/3
  1335 | D:2      | Identified the ring "Xuhen" {rCorr Str+6 SInv}
  1898 | D:3      | Found an ancient bone altar of Kikubaaqudgha.
  2095 | D:3      | Identified the +1 leather armour of Deqaun {Harm rElec}
  2264 | D:3      | Reached XP level 4. HP: 38/38 MP: 4/4
  2404 | D:4      | Found an opulent altar of Gozag.
  2454 | D:4      | Reached skill level 5 in Fighting
  2759 | D:4      | Reached XP level 5. HP: 16/46 MP: 5/5
  3150 | D:4      | Killed from afar by an orc priest

Illustrated notes

Levels and vault maps discovered:
D:1:      ncdulo_watergridlock, layout_loops_ring, minmay_octomino_j4
D:2:      layout_basic, dreamdust_ecumenical_altar_drowned_temple,
          grunt_ministairs_8, minmay_misc_feat_enclosed
D:3:      layout_basic, mainiacjoe_overflow_surrounded_room
D:4:      layout_rooms, amcnicky_altar_gilded, mainiacjoe_overflow_24_doors,
          minmay_temple_entry_offerings, ebering_ghost_reflecting_pool

Skill      XL: |  1  2  3  4 |
---------------+-------------+-----
Fighting       | 4 5 |  5.9
Polearms       | |  2.4
Dodging        | |  2.4
Stealth        | |  1.5

Action                   |  1- 3 |  4- 6 || total
-------------------------+-------+-------++-------
Melee: Spear             |   113 |       ||   113
       Punch             |     1 |       ||     1
       Glaive            |    38 |    49 ||    87
  Use: Scroll            |       |     3 ||     3
Armor: Scale mail        |    12 |       ||    12
       Plate armour      |    78 |    33 ||   111
Dodge: Dodged            |    37 |    15 ||    52

Table legend: (Time is in decaauts)
 A = Elapsed time spent in this place.
 B = Non-inter-level travel time spent in this place.
 C = Inter-level travel time spent in this place.
 D = Time resting spent in this place.
 E = Time spent auto-exploring this place.
 F = Levels seen in this place.
 G = Mean time per level.
                   A        B        C        D        E       F      G
               +--------+--------+--------+--------+--------+-----+--------+
         Total |   3203 |   3006 |    197 |    469 |   2032 |   4 |  800.8 |
       Dungeon |   3203 |   3006 |    197 |    469 |   2032 |   4 |  800.8 |
               +--------+--------+--------+--------+--------+-----+--------+

Top non-repeatable levels by time:
     D:3: 1332 daAuts
     D:2: 808 daAuts
     D:1: 714 daAuts
     D:4: 348 daAuts
